 Dungeon Crawl Stone Soup version 0.20-a0-1034-gb277f92 (webtiles) character file.

45 nubinia the Stinger (level 3, -3/24 HPs)
             Began as a Demonspawn Venom Mage on Apr 21, 2017.
             Killed from afar by Natasha (9 damage)
             ... with a magic dart
             ... on level 2 of the Dungeon.
             The game lasted 00:05:33 (1794 turns).

nubinia the Stinger (Demonspawn Venom Mage)         Turns: 1794, Time: 00:05:33

Health: -3/24      AC:  2    Str:  8    XL:     3   Next: 42%
Magic:  0/6        EV: 12    Int: 17    God:
Gold:   31         SH:  0    Dex: 13    Spells: 3/6 levels left

rFire    . . .     SeeInvis .   j - +1 whip (drain)
rCold    . . .     Gourm    .   (no shield)
rNeg     . . .     Faith    .   a - +0 robe
rPois    .         Spirit   .   (no helmet)
rElec    .         Reflect  .   (no cloak)
rCorr    .         Harm     .   (no gloves)
MR       .....                  (no boots)
Stlth    ++........             (no amulet)
Regen    0.1/turn               (no ring)
MPRegen  0.1/turn               (no ring)

@: no status effects
A: hooves 2
a: no special abilities


You were on level 2 of the Dungeon.
You were hungry.

You visited 1 branch of the dungeon, and saw 2 of its levels.

You collected 31 gold pieces.

Inventory:

Hand Weapons
 f - a +0 mace
 j - a +1 whip of draining (weapon)
 n - a cursed -3 dagger
Armour
 a - a +0 robe (worn)
Scrolls
 d - a scroll of blinking {unknown}
 e - a scroll of teleportation {unknown}
 h - 2 scrolls of identify
 i - a scroll of remove curse {unknown}
 k - a scroll of fog
Potions
 g - 2 potions of curing
 m - a potion of invisibility {unknown}
Books
 b - a Young Poisoner's Handbook

   Spells                             Type                      Level
   a - Sting                          Conjuration/Poison           1
   b - Poisonous Vapours              Poison/Air                   2
   c - Mephitic Cloud                 Conjuration/Poison/Air       3
   d - Olgreb's Toxic Radiance        Poison                       4
   e - Venom Bolt                     Conjuration/Poison           5
Comestibles
 c - a bread ration
 l - a royal jelly
 o - a chunk of flesh


   Skills:
 + Level 0.1 Maces & Flails
 + Level 1.9 Dodging
 + Level 1.9 Stealth
 + Level 2.1 Spellcasting
 + Level 1.6 Conjurations
 + Level 4.0 Poison Magic


You had 3 spell levels left.
You knew the following spells:

 Your Spells              Type           Power        Failure   Level  Hunger
a - Sting                 Conj/Pois      ##..         6%          1    #......
b - Poisonous Vapours     Pois/Air       #.....       13%         2    ###....


Dungeon Overview and Level Annotations

Branches:
Dungeon (2/15)

Altars:
Uskayaw

Annotations:
D:2 Natasha


Innate Abilities, Weirdness & Mutations

You have hoof-like feet.


Message History

Aiming: Sting
Press: ? - help, Shift-Dir - straight line, f/p - Natasha
Aim: Natasha (lightly wounded, poisoned)
The sting hits Natasha.
Natasha appears unharmed.
Natasha is lightly wounded.
Natasha howls an incantation.
Natasha shimmers violently.
Unknown command.
Unknown command.
Unknown command.
Casting: Sting
Confirm with . or Enter, or press ? or * to list all spells.
Aiming: Sting
Press: ? - help, Shift-Dir - straight line, f/p - Natasha
Aim: Natasha (moderately wounded, poisoned)
The sting hits Natasha.
Natasha is moderately wounded.
Natasha stares at you and mumbles some strange words.
The magic dart hits you!
You die...

#........# #........#
############........####
......h@............+..#
.....#....##........##.#
... #....##........##.#
. #....##...(....##.#
#....##........##.#
#....##.....##.....
..#....##.....##.##..
.........'.....+......
...####.##.....##.###.


You could see Natasha.

Vanquished Creatures
  A worm (D:2)
  A dart slug (D:1)
  A leopard gecko (D:1)
  A ball python (D:1)
  5 giant cockroaches
  2 goblins
  5 hobgoblins
  4 jackals (D:1)
  7 kobolds
  2 bats (D:1)
  3 frilled lizards
  2 rats (D:1)
34 creatures vanquished.

Notes
Turn   | Place    | Note
-------+----------+-------------------------------------------
     0 | D:1      | nubinia the Demonspawn Venom Mage began the quest for the Orb.
     0 | D:1      | Reached XP level 1. HP: 13/13 MP: 3/3
   483 | D:1      | Gained mutation: You have large cloven feet. [demonic ancestry]
   483 | D:1      | Reached XP level 2. HP: 10/19 MP: 1/5
   751 | D:1      | Learned a level 2 spell: Poisonous Vapours
  1076 | D:1      | Gained mutation: You have hoof-like feet. [demonic ancestry]
  1076 | D:1      | Reached XP level 3. HP: 24/24 MP: 3/6
  1510 | D:2      | Found a hide-covered altar of Uskayaw.
  1566 | D:2      | Reached skill level 4 in Poison Magic
  1788 | D:2      | Noticed Natasha
  1794 | D:2      | Killed from afar by Natasha

Vault maps used:
D:1:      dpeg_arrival_simpleton_c, serial_forest,
          infiniplex_forest_clump_small, infiniplex_forest_straight_2,
          infiniplex_forest_lined_room_, infiniplex_forest_clump_long,
          infiniplex_forest_lined_3, minmay_misc_feat_columns,
          amethyst_killhole, minmay_misc_feat_doors
D:2:      eat_drink_and_be_merry_uskayaw, first_bread, hangedman_ru_absence,
          uniq_natasha

Skill      XL: |  1  2  3 |
---------------+----------+-----
Poison Magic   | 4 |  4.0
Maces & Flails | |  0.1
Dodging        | |  1.9
Stealth        | |  1.9
Spellcasting   | |  2.1
Conjurations   | |  1.6

Action                   || total
-------------------------++-------
Melee: Unarmed           ||     7
       Mace              ||    25
       Kick              ||     4
       Whip              ||    14
 Cast: Sting             ||    52
  Use: Potion            ||     1
       Scroll            ||     1
 Stab: Sleeping          ||     1
  Eat: Chunk             ||     3
Armor: Robe              ||     6
Dodge: Dodged            ||    31
